 Dungeon Crawl Stone Soup version 0.28.0 (webtiles) character file.

Game seed: 2875444066632946424

193 pkoi the Chopper (level 5, -2/46 HPs)
             Began as a Minotaur Gladiator on Feb 4, 2022.
             Was an Initiate of Gozag.
             Slain by Menkaure (15 damage)
             ... on level 4 of the Dungeon.
             The game lasted 00:02:29 (3089 turns).

pkoi the Chopper (Minotaur Gladiator)               Turns: 3089, Time: 00:02:29

Health: -2/46      AC:  3    Str: 20    XL:     5   Next: 43%
Magic:  4/4        EV: 12    Int:  5    God:    Gozag
Gold:   77         SH:  0    Dex: 12    Spells: 4/4 levels left

rFire   . . .      SeeInvis .   a - +0 war axe
rCold   . . .      Faith    .   (no shield)
rNeg    . . .      Spirit   .   b - +0 leather armour
rPois   .          Reflect  .   c - +0 hat
rElec   .          Harm     .   (no cloak)
rCorr   .          Rampage  .   (no gloves)
Will    .....                   (no boots)
Stlth   +.........              (no amulet)
HPRegen 0.15/turn               (no ring)
MPRegen 0.09/turn               (no ring)

@: no status effects
A: horns 2, retaliatory headbutt
a: Renounce Religion, Potion Petition, Call Merchant, Bribe Branch


You were on level 4 of the Dungeon.
You worshipped Gozag.
Gozag was noncommittal.
You visited 1 branch of the dungeon, and saw 4 of its levels.

You collected 101 gold pieces.
You paid 24 gold pieces to Gozag.

Inventory:

Hand Weapons
 a - a +0 war axe (weapon)
Missiles
 d - 3 throwing nets (quivered)
 k - 2 datura-tipped darts
Armour
 b - a +0 leather armour (worn)
 c - a +0 hat (worn)
Jewellery
 u - a +6 ring of dexterity
Wands
 o - a wand of acid (6)
Scrolls
 e - a scroll of fear {unknown}
 f - a scroll of blinking {unknown}
 i - 5 scrolls of identify {unknown}
 j - a scroll of enchant weapon {unknown}
 l - a scroll of magic mapping {unknown}
 p - a scroll of fog {unknown}
 q - a scroll of immolation {unknown}
 s - a scroll of noise {unknown}
 t - a scroll of holy word {unknown}
Potions
 g - a potion of lignification {unknown}
 h - a potion of attraction {unknown}
 m - a potion of curing {unknown}
 n - a potion of degeneration {unknown}
 r - 2 potions of heal wounds {unknown}


   Skills:
 + Level 4.0 Fighting
 * Level 5.9 Axes
 - Level 2.0 Throwing
 + Level 2.8 Armour
 - Level 3.2 Dodging


You had 4 spell levels left.
You didn't know any spells.
Your spell library contained the following spells:

 Spells                   Type           Power      Damage    Failure   Level
 Summon Small Mammal      Summ           0%         N/A       52%         1
 Call Canine Familiar     Summ           0%         N/A       88%         3
 Summon Guardian Golem    Hex/Summ       0%         N/A       88%         3


Dungeon Overview and Level Annotations

Branches:
Dungeon (4/15)
 Temple: D:4-7

Altars:
Gozag
Xom
Zin
Beogh

Annotations:
D:3 3 runed translucent doors, krispywithak's ghost, amateur DrBe
D:4 Menkaure


Innate Abilities, Weirdness & Mutations

You have a pair of horns on your head.
You reflexively headbutt those who attack you in melee.


Message History

* * * LOW HITPOINT WARNING * * *
You headbutt the jelly.
You kill the jelly!
Your Fighting skill increases to level 4!
Unknown command.
You now have 77 gold pieces (gained 4).
Unknown command.
You start resting.
You are no longer corroded.
You start resting.
HP restored.
Menkaure, Prince of Dust comes into view.
Things that are here:
24 bolts; a +0 pair of boots Menkaure is nearby!
Menkaure is nearby!
Menkaure is nearby!
Menkaure hits you!
* * * LOW HITPOINT WARNING * * *
You hit Menkaure.
Menkaure is lightly damaged.
Menkaure breathes soot at you. Menkaure hits you!!
* * * LOW HITPOINT WARNING * * *
You slash Menkaure!
You headbutt Menkaure, but do no damage.
Menkaure is heavily damaged.
Menkaure closely misses you.
You barely miss Menkaure. Your headbutt misses Menkaure.
Menkaure is heavily damaged.
Menkaure gestures wildly while chanting.
Menkaure seems to speed up.
You hit Menkaure.
Menkaure is heavily damaged.
Menkaure barely misses you.
You hit Menkaure.
Menkaure is severely damaged.
Menkaure hits you!
You die...
Your body crumbles into a pile of gold.

#.# #.#.# #.#.# #.#.#
# #.#.# #. #.# #.#.#
#. #.# #.#.#.#.###
#.#####.#.#.....#####
..........###...@M..#
>##.........###(###.#
.#..###.#.......#
.#..# #.#.#.#####
....# #.#.#... #...#
#.#>##### ....# #...#
#...# ##### #..##


You could see Menkaure (fast).

Vanquished Creatures
  A jelly (D:4)
  An orc wizard (D:3)
  5 adders
  An adder zombie (D:3)
  A worm (D:2)
  2 dart slugs (D:1)
  9 orcs (D:3)
  5 ball pythons
  A bat (D:1)
  8 endoplasms
  A giant cockroach (D:1)
  5 goblins
  6 hobgoblins
  4 jackals (D:1)
  4 quokkas
  4 frilled lizards
  4 kobolds
  9 rats
71 creatures vanquished.

Notes
Turn   | Place    | Note
-------+----------+-------------------------------------------
     0 | D:1      | pkoi the Minotaur Gladiator began the quest for the Orb.
     0 | D:1      | Reached XP level 1. HP: 18/18 MP: 0/0
   278 | D:1      | Reached skill level 4 in Axes
   278 | D:1      | Reached XP level 2. HP: 25/25 MP: 1/1
   310 | D:1      | Reached skill level 1 in Armour
   684 | D:1      | Reached XP level 3. HP: 18/31 MP: 2/2
  1731 | D:2      | Reached skill level 5 in Axes
  1731 | D:2      | Reached XP level 4. HP: 33/38 MP: 3/3
  1848 | D:3      | Found a glowing silver altar of Zin.
  1849 | D:3      | Noticed an angel
  1853 | D:3      | Found a shimmering altar of Xom.
  2307 | D:3      | Found a runed translucent gate.
  2310 | D:3      | Found a runed translucent gate.
  2310 | D:3      | Noticed krispywithak's ghost (amateur DrBe)
  2311 | D:3      | Found a runed translucent gate.
  2316 | D:3      | Identified the +7 dagger "Zeiwiw" {flame, rN+++ rCorr Int+3
                  | Dex-3}
  2316 | D:3      | Identified the +2 leather armour "Bichuk" {Slay+3}
  2356 | D:3      | Reached XP level 5. HP: 39/46 MP: 4/4
  2602 | D:3      | Found an opulent altar of Gozag.
  2616 | D:3      | Became a worshipper of Gozag Ym Sagoz the Greedy
  3083 | D:4      | Noticed Menkaure
  3089 | D:4      | Slain by Menkaure

Illustrated notes

Levels and vault maps discovered:
D:1:      minmay_arrival_doors, layout_basic, minmay_heptomino_d4
D:2:      layout_rooms
D:3:      layout_rooms, grunt_temple_overflow_order_and_chaos_1,
          old_standard_altar, biasface_ghost_orc_armoury,
          kennysheep_generic_room_2
D:4:      layout_basic, minmay_rat_hole, uniq_menkaure

Skill      XL: |  1  2  3  4  5 |
---------------+----------------+-----
Axes           | 4 5 |  5.9
Armour         | 1 2 |  2.8
Fighting       | 3 4 |  4.0
Throwing       | |  2.0
Dodging        | |  3.2

Action                   |  1- 3 |  4- 6 || total
-------------------------+-------+-------++-------
Melee: War axe           |    89 |    62 ||   151
       Headbutt          |     7 |    13 ||    20
 Stab: Sleeping          |     1 |       ||     1
Armor: Leather armour    |    28 |    11 ||    39
Dodge: Dodged            |    63 |    21 ||    84
